AoeStats
← Dodô Pressão

Arena

504394851Analyzed
3v3 RM · 28d ago on Sep 5, 2026· 31m 35s· 6 players
Game mode
Random Map
Map size
Normal (6 player)
Population
200
Speed
Normal
Resources
Standard
Victory
Conquest
Starting age
Dark Age
Ending age
Imperial Age
RankedLock teamsTeams togetherTeam positionsShared explorationLock speedFull tech treeHidden civsTurbo modeCheats
Victory
Defeat
🇦🇷 Persians · Argentina
653
+10
🇦🇷 Burgundians · Argentina
587
+13
🇦🇷 Spanish · Argentina
584
+13
🇯🇵 Mongols · Japan
595
-15
🇧🇷 Burgundians · Brazil
513
-12
🇺🇸 Vietnamese · United States
451
-18
huntrixLoL
11:25 Feudal Age
14:39 Wheelbarrow
14:32 Town Watch
17:41 Horse Collar
22:16 Castle Age
23:24 Hand Cart
23:24 Town Patrol
25:03 Double-Bit Axe
25:12 Loom
25:48 Stone Mining
25:54 Gold Mining
27:03 Pikeman
28:57 Caravan
29:59 Stone Shaft Mining
31:11 Crossbowman
Dodô Pressão
15:32 Feudal Age
14:09 Double-Bit Axe
14:17 Double-Bit Axe
14:15 Horse Collar
19:53 Castle Age
19:51 Bow Saw
26:03 Wheelbarrow
25:29 Gold Mining
25:36 Stone Mining
28:40 Two-Man Saw
29:43 Gold Shaft Mining
29:43 Stone Shaft Mining
30:18 Heavy Plow
31:21 Hand Cart
satoshi.urushiyama
1:53 Loom
12:52 Feudal Age
16:07 Double-Bit Axe
25:37 Wheelbarrow
27:47 Double-Bit Axe
30:56 Castle Age
Ferna
7:14 Loom
10:08 Feudal Age
8:47 Double-Bit Axe
9:32 Horse Collar
11:26 Heavy Plow
14:42 Bow Saw
19:25 Castle Age
17:05 Man-at-Arms
18:05 Heavy Plow
18:49 Forging
20:46 Wheelbarrow
20:36 Stone Mining
22:33 Fletching
22:43 Padded Archer Armor
22:33 Elite Skirmisher
23:24 Gold Mining
26:50 Long Swordsman
29:03 Bodkin Arrow
29:24 Leather Archer Armor
30:36 Squires
PatoCosta90
0:37 Loom
10:41 Feudal Age
14:16 Double-Bit Axe
19:42 Castle Age
18:41 Stone Mining
26:50 Scale Barding Armor
28:01 Caravan
29:00 Gold Mining
EL EDU
1:57 Loom
10:06 Feudal Age
12:09 Double-Bit Axe
12:28 Horse Collar
12:23 Man-at-Arms
13:54 Arson
14:41 Town Watch
15:56 Forging
18:51 Scale Barding Armor
18:49 Scale Mail Armor
20:29 Scale Barding Armor
23:34 Castle Age
23:34 Long Swordsman
24:59 Wheelbarrow
25:33 Iron Casting
25:18 Chain Mail Armor
25:10 Gambesons
25:55 Bow Saw
26:05 Heavy Plow
Connection lost

Rejoining the realm…

Still unreachable

The connection could not be restored.

Session expired

The server has moved on; the page needs a fresh start.